 Dungeon Crawl Stone Soup version 0.30.1-4-g462c640d31 (webtiles) character file.

Game seed: 11586138016470904052

14816 GimliDwarf the Prestidigitator (level 12, -14/91 HPs)
             Began as a Gnoll Wanderer on Aug 16, 2023.
             Was a High Priest of Okawaru.
             Killed by the air
             ... invoked by Gastronok
              (29 damage)
             ... in the Arena.
             The game lasted 00:46:27 (12208 turns).

GimliDwarf the Prestidigitator (Gnoll Wanderer)    Turns: 12208, Time: 00:46:27

Health: -14/91     AC: 11    Str: 13    XL:     12   Next: 20%
Magic:  14/32      EV: 33    Int: 10    God:    Okawaru [*****.]
Gold:   825        SH:  0    Dex: 23    Spells: 2/25 levels left

rFire   . . .        w - +6 quarterstaff (chaos)
rCold   . . .        (shield currently unavailable)
rNeg    . . .        C - +1 steam dragon scales
rPois   .            (no helmet)
rElec   .            z - +0 cloak
rCorr   .            B - +0 pair of gloves
SInv    .            n - +0 pair of boots
Will    .....        l - amulet of the acrobat
Stlth   ++++         a - ring of magical power
HPRegen 0.35/turn    E - +6 ring of dexterity
MPRegen 0.23/turn

%: acrobat
@: acrobatic, duelling
A: fangs 1, strong nose, distributed training, mutation resistance 1, subdued
magic 1, MP-powered wands
a: Renounce Religion, Heroism, Finesse, Duel


You were in the Arena.
You worshipped Okawaru.
Okawaru was extremely pleased with you.
You visited 3 branches of the dungeon, and saw 14 of its levels.

You collected 825 gold pieces.

Inventory:

Hand Weapons
 m - a +1 glaive
 w - a +6 quarterstaff of chaos (weapon)
 F - a +3 scimitar
 G - a +1 demon whip of venom
Missiles
 q - 6 silver boomerangs
 D - 3 javelins
 H - 3 atropa-tipped darts
Armour
 n - a +0 pair of boots (worn)
 y - a +2 leather armour of cold resistance
 z - a +0 cloak (worn)
 B - a +0 pair of gloves (worn)
 C - +1 steam dragon scales (worn)
Jewellery
 a - a ring of magical power (left hand)
 l - an amulet of the acrobat (around neck)
 u - a ring of resist corrosion
 E - a +6 ring of dexterity (right hand)
 J - a ring of protection from fire
Wands
 v - a wand of roots (4)
Scrolls
 b - a scroll of identify
 c - 3 scrolls of fog
 f - 2 scrolls of blinking
 t - 3 scrolls of poison
 x - a scroll of fear
 A - a scroll of teleportation
Potions
 d - 2 potions of heal wounds
 e - a potion of lignification
 h - 7 potions of curing
 i - a potion of cancellation
 j - 5 potions of might
 k - 6 potions of ambrosia
 o - 2 potions of invisibility
 s - a potion of resistance
 I - a potion of magic


   Skills:
 + Level 7.3 Fighting
 + Level 8.7 Short Blades
 + Level 7.3 Long Blades
 + Level 7.3 Axes
 + Level 7.3 Maces & Flails
 + Level 7.3 Polearms
 + Level 7.3 Staves
 + Level 7.3 Ranged Weapons
 + Level 7.8 Throwing
 + Level 7.8 Armour
 + Level 7.8 Dodging
 + Level 7.3 Stealth
 + Level 7.3 Shields
 + Level 7.3 Unarmed Combat
 + Level 7.3 Spellcasting
 + Level 6.1 Conjurations
 + Level 6.1 Hexes
 + Level 6.1 Summonings
 + Level 6.1 Necromancy
 + Level 6.1 Translocations
 + Level 6.1 Transmutations
 + Level 6.1 Fire Magic
 + Level 6.1 Ice Magic
 + Level 6.1 Air Magic
 + Level 6.1 Earth Magic
 + Level 6.1 Poison Magic
 + Level 8.0 Invocations
 + Level 12.6 Evocations


You had 2 spell levels left.
You knew the following spells:

 Your Spells              Type           Power      Damage    Failure   Level
a - Ensorcelled Hibernat  Hex/Ice        24%        N/A       1%          2
b - Volatile Blastmotes   Fire/Tloc      24%        2d12      3%          3
c - Gell's Gravitas       Tloc           12%        N/A       3%          3
d - Cause Fear            Hex            6%         N/A       12%         4
e - Teleport Other        Tloc           12%        N/A       3%          3
f - Fulminant Prism       Conj/Hex       6%         3d7       12%         4
g - Iskenderun's Mystic   Conj/Tloc      12%        2d5       12%         4

Your spell library contained the following spells:

 Spells                   Type           Power      Damage    Failure   Level
 Magic Dart               Conj           48%        1d5       1%          1
 Lesser Beckoning         Tloc           24%        N/A       1%          2
 Passwall                 Tmut/Erth      10%        N/A       1%          2
 Searing Ray              Conj           24%        2d5       1%          2
 Sublimation of Blood     Necr           12%        N/A       1%          2
 Wereblood                Tmut           12%        N/A       1%          2
 Dazzling Flash           Conj/Hex       24%        N/A       3%          3
 Ozocubu's Armour         Ice            12%        N/A       3%          3
 Swiftness                Air            12%        N/A       3%          3
 Dispersal                Tloc           6%         N/A       90%         6
 Starburst                Conj/Fire      6%         6d4       90%         6
 Dragon Form              Tmut           6%         N/A       100%        7
 Ozocubu's Refrigeration  Ice            6%         4d8       100%        7
 Summon Hydra             Summ           Unusable   N/A       N/A         7
 Dragon's Call            Summ           Unusable   N/A       N/A         9

Dungeon Overview and Level Annotations

Branches:
Dungeon (12/15)            Temple (1/1) D:7            Lair (1/5) D:10
    Orc: D:9-12

Altars:
Ashenzari
Cheibriados
Dithmenos
Elyvilon
Fedhas
Gozag
Hepliaklqana
Kikubaaqudgha
Makhleb
Nemelex Xobeh
Okawaru
Qazlal
Ru
Sif Muna
Trog
Uskayaw
Vehumet
Wu Jian
Xom
Yredelemnul
Zin
The Shining One

Annotations:
D:9 2 transporters, hilljack's ghost, novice MfGl Arena Gastronok


Innate Abilities, Weirdness & Mutations

You have very sharp teeth.
Your uncanny sense of smell can sniff out nearby items.
Your experience applies equally to all skills.
You are somewhat resistant to further mutation.
Your spells are a little easier to cast, but a little less powerful.
You expend magic power (3 MP) to strengthen your wands.


Message History

The spectator shouts! x2
The grasping roots constrict Gastronok!
Gastronok struggles to escape constriction.
Casting: Volatile Blastmotes (mildly dangerous; 3% risk of failure)
Confirm with . or Enter, or press ? or * to list all spells.
Aiming: Fulminant Prism (dangerous; 12% risk of failure)
Press: ? - help, Dir - move target, p - Gastronok You conjure a prism of explosive energy!
A fulminant prism comes into view.
The grasping roots constrict Gastronok!
The spectator waves a pennant with your name on it.
The grasping roots constrict Gastronok!!
Gastronok waves his eye-stalks in wide circles.
The air twists around and strikes you!!!
Your fulminant prism crackles loudly.
The grasping roots constrict Gastronok!!
Your fulminant prism explodes!
The blast of energy engulfs Gastronok!
Gastronok is severely wounded.
Aiming: Fastroot
Press: ? - help, Shift-Dir - straight line, f - you You feel a surge of power!
The roots erupt in riotous growth!
The grasping roots constrict Gastronok!!
The roots release their grip on Gastronok.
Gastronok waves his eye-stalks in wide circles.
The air twists around and strikes you!!!
* * * LOW HITPOINT WARNING * * *
Aiming: Fastroot
Press: ? - help, Shift-Dir - straight line, f - Gastronok
Aim: Gastronok, wearing a +1 hat (severely wounded, covering ground quickly)
You feel a surge of power!
The roots erupt in riotous growth!
Roots grab Gastronok.
The grasping roots constrict Gastronok!
The grasping roots constrict Gastronok.
Gastronok struggles to escape constriction.
The grasping roots constrict Gastronok!
Gastronok waves his eye-stalks in wide circles.
The air twists around and strikes you!!
You die...
Okawaru crowns Gastronok victorious!

#########
##.p▓▓▓..##
##..▓▓.▓▓..##
##.p▓▓...▓▓p.##
#..▓▓.....▓▓p.#
#.▓▓.......▓▓p#
#p▓.........▓▓#
##▓...w@....▓∩#
#.▓.........▓▓#
#.▓▓.......▓▓p#
#..▓▓.....▓▓p.#
##.p▓▓...▓▓p.##
##.p▓▓.▓▓..##
##.p▓▓▓..##
#########


You could see Gastronok (swift, rooted).

Vanquished Creatures
  Erolcha (D:11)
  A two-headed ogre (D:11)
  Nergalle (D:10)
  Lodul (D:11)
  Amaemon (D:9)
  Pikel (D:5)
  A cyclops (D:11)
  A gargoyle (D:11)
  An orange demon (D:9)
  An unseen horror (D:10)
  A troll (D:11)
  A queen bee (D:10)
  3 hornets
  Grinder (D:6)
  A wraith (D:11)
  3 steam dragons
  21 yaks
  Grum (D:9)
  Menkaure (D:5)
  A water moccasin (D:6)
  3 orc warriors
  An ice beast (D:6)
  A sky beast (D:8)
  3 wolves (D:9)
  4 black bears
  8 ogres (D:11)
  2 phantoms
  3 centaurs
  Blork the orc (D:6)
  4 kobold brigands
  4 bullfrogs
  2 scorpions
  8 wights (D:8)
  26 killer bees
  4 howler monkeys
  2 hounds (D:6)
  2 orc priests
  A jelly (D:4)
  Crazy Yiuf (D:5)
  2 sleepcaps
  5 iguanas
  6 orc wizards
  7 adders
  A shadow imp (D:8)
  3 white imps
  An ufetubus (D:7)
  A worm (D:3)
  3 dart slugs
  32 orcs
  6 endoplasms
  3 giant cockroaches (D:4)
  A goblin (D:1)
  2 hobgoblins
  11 jackals
  3 quokkas
  6 ball pythons
  5 bats
  3 frilled lizards
  11 kobolds
  4 rats
240 creatures vanquished.

Vanquished Creatures (others)
  2 fulminant prisms
2 creatures vanquished.

Grand Total: 242 creatures vanquished

Notes
Turn   | Place    | Note
-------+----------+-------------------------------------------
     0 | D:1      | Reached skill level 10 in Evocations
     0 | D:1      | GimliDwarf the Gnoll Wanderer began the quest for the Orb.
     0 | D:1      | GimliDwarf set off with the following items: a +0 short
                  | sword, a wand of mindburst (13), a potion of lignification,
                  | a potion of heal wounds, a +0 leather armour.
     0 | D:1      | Reached XP level 1. HP: 13/13 MP: 1/1
   128 | D:1      | Reached XP level 2. HP: 19/19 MP: 2/2
   230 | D:1      | You fall into a shaft and drop 1 floor!
  1055 | D:2      | Reached XP level 3. HP: 24/25 MP: 3/3
  1074 | D:2      | Reached skill level 1 in Invocations
  1082 | D:2      | Reached skill level 1 in Fighting
  1082 | D:2      | Reached skill level 1 in Long Blades
  1082 | D:2      | Reached skill level 1 in Axes
  1082 | D:2      | Reached skill level 1 in Maces & Flails
  1082 | D:2      | Reached skill level 1 in Polearms
  1082 | D:2      | Reached skill level 1 in Staves
  1082 | D:2      | Reached skill level 1 in Ranged Weapons
  1082 | D:2      | Reached skill level 1 in Stealth
  1082 | D:2      | Reached skill level 1 in Shields
  1082 | D:2      | Reached skill level 1 in Unarmed Combat
  1082 | D:2      | Reached skill level 1 in Spellcasting
  1680 | D:2      | Reached XP level 4. HP: 32/32 MP: 5/5
  2024 | D:3      | Reached skill level 1 in Conjurations
  2024 | D:3      | Reached skill level 1 in Hexes
  2024 | D:3      | Reached skill level 1 in Summonings
  2024 | D:3      | Reached skill level 1 in Necromancy
  2024 | D:3      | Reached skill level 1 in Translocations
  2024 | D:3      | Reached skill level 1 in Transmutations
  2024 | D:3      | Reached skill level 1 in Fire Magic
  2024 | D:3      | Reached skill level 1 in Ice Magic
  2024 | D:3      | Reached skill level 1 in Air Magic
  2024 | D:3      | Reached skill level 1 in Earth Magic
  2024 | D:3      | Reached skill level 1 in Poison Magic
  2073 | D:3      | Noticed a phantom
  2081 | D:3      | Killed a phantom
  2082 | D:3      | Reached XP level 5. HP: 24/37 MP: 7/7
  2772 | D:4      | Gained mutation: You occasionally shout uncontrollably at
                  | your foes. [potion of mutation]
  2773 | D:4      | Lost mutation: You occasionally shout uncontrollably at
                  | your foes. [potion of mutation]
  2773 | D:4      | Gained mutation: Your flesh is heat resistant. (rF+)
                  | [potion of mutation]
  2773 | D:4      | Gained mutation: You are clumsy. (Dex -2) [potion of
                  | mutation]
  2773 | D:4      | Gained mutation: You are partially covered in iridescent
                  | scales. (AC +2) [potion of mutation]
  2773 | D:4      | Gained mutation: You have sharp toenails. [potion of
                  | mutation]
  2810 | D:4      | Paralysed by a kobold for 4 turns
  2930 | D:4      | Reached XP level 6. HP: 44/44 MP: 8/8
  2991 | D:4      | Reached skill level 5 in Short Blades
  3760 | D:5      | Entered Level 5 of the Dungeon
  3778 | D:5      | Learned a level 2 spell: Ensorcelled Hibernation
  3806 | D:5      | Reached XP level 7. HP: 50/50 MP: 10/10
  3814 | D:5      | Noticed Pikel
  3819 | D:5      | Killed Pikel
  3820 | D:5      | Reached XP level 8. HP: 58/58 MP: 12/12
  4165 | D:5      | Noticed Menkaure
  4169 | D:5      | Killed Menkaure
  4335 | D:5      | Found a runed translucent door.
  4336 | D:5      | Noticed Crazy Yiuf
  4341 | D:5      | Killed Crazy Yiuf
  4342 | D:5      | Reached skill level 11 in Evocations
  5093 | D:6      | Noticed Grinder
  5097 | D:6      | Killed Grinder
  5098 | D:6      | Reached XP level 9. HP: 65/65 MP: 14/14
  5106 | D:6      | Noticed Blork the orc
  5107 | D:6      | Killed Blork the orc
  5275 | D:6      | Reached skill level 5 in Throwing
  5275 | D:6      | Reached skill level 5 in Armour
  5275 | D:6      | Reached skill level 5 in Dodging
  5371 | D:7      | Found a staircase to the Ecumenical Temple.
  5418 | Temple   | Entered the Ecumenical Temple
  5441 | Temple   | Learned a level 3 spell: Swiftness
  5451 | Temple   | Became a worshipper of Warmaster Okawaru
  5544 | D:7      | Found a radiant altar of Vehumet.
  5651 | D:7      | Learned a level 3 spell: Gell's Gravitas
  5654 | D:7      | Noticed a hornet
  5659 | D:7      | Killed a hornet
  6037 | D:8      | Found a shimmering blue altar of Sif Muna.
  6102 | D:8      | Reached * piety under Okawaru
  6103 | D:8      | Reached skill level 5 in Invocations
  6137 | D:8      | Lost mutation: You have sharp toenails. [potion of
                  | mutation]
  6137 | D:8      | Lost mutation: You are partially covered in iridescent
                  | scales. (AC +2) [potion of mutation]
  6137 | D:8      | Gained mutation: You are somewhat resistant to further
                  | mutation. [potion of mutation]
  6466 | D:8      | Noticed a hornet
  6477 | D:8      | Killed a hornet
  6676 | D:8      | Reached ** piety under Okawaru
  6829 | D:8      | Reached skill level 5 in Fighting
  6829 | D:8      | Reached skill level 5 in Long Blades
  6829 | D:8      | Reached skill level 5 in Axes
  6829 | D:8      | Reached skill level 5 in Maces & Flails
  6829 | D:8      | Reached skill level 5 in Polearms
  6829 | D:8      | Reached skill level 5 in Staves
  6829 | D:8      | Reached skill level 5 in Ranged Weapons
  6829 | D:8      | Reached skill level 5 in Stealth
  6829 | D:8      | Reached skill level 5 in Shields
  6829 | D:8      | Reached skill level 5 in Unarmed Combat
  6829 | D:8      | Reached skill level 5 in Spellcasting
  6829 | D:8      | Reached XP level 10. HP: 60/73 MP: 17/17
  6896 | D:9      | Noticed a tengu warrior
  6896 | D:9      | Found a transporter.
  6902 | D:9      | Noticed hilljack's ghost (novice MfGl)
  6905 | D:9      | Found a transporter.
  6911 | D:9      | Found a bloodstained altar of Trog.
  6911 | D:9      | Noticed a two-headed ogre
  7075 | D:9      | Noticed a two-headed ogre
  7078 | D:9      | Noticed a moth of wrath
  7098 | D:9      | Noticed Amaemon
  7101 | D:9      | Noticed an orange demon
  7114 | D:9      | Killed Amaemon
  7116 | D:9      | Killed an orange demon
  7116 | D:9      | Reached *** piety under Okawaru
  7155 | D:9      | Noticed Grum
  7278 | D:9      | Killed Grum
  7516 | D:9      | Found a glowing golden altar of the Shining One.
  7907 | D:10     | Entered Level 10 of the Dungeon
  7998 | D:10     | Reached **** piety under Okawaru
  8001 | D:10     | Received a gift from Okawaru
  8002 | D:10     | Reached skill level 12 in Evocations
  8204 | D:10     | Reached skill level 5 in Conjurations
  8204 | D:10     | Reached skill level 5 in Hexes
  8204 | D:10     | Reached skill level 5 in Summonings
  8204 | D:10     | Reached skill level 5 in Necromancy
  8204 | D:10     | Reached skill level 5 in Translocations
  8204 | D:10     | Reached skill level 5 in Transmutations
  8204 | D:10     | Reached skill level 5 in Fire Magic
  8204 | D:10     | Reached skill level 5 in Ice Magic
  8204 | D:10     | Reached skill level 5 in Air Magic
  8204 | D:10     | Reached skill level 5 in Earth Magic
  8204 | D:10     | Reached skill level 5 in Poison Magic
  8222 | D:10     | Reached XP level 11. HP: 81/81 MP: 20/20
  8643 | D:10     | Found a white marble altar of Elyvilon.
  8643 | D:10     | Found a snail-covered altar of Cheibriados.
  8673 | D:10     | Lost mutation: You are somewhat resistant to further
                  | mutation. [potion of mutation]
  8673 | D:10     | Lost mutation: You are clumsy. (Dex -2) [potion of
                  | mutation]
  8673 | D:10     | Lost mutation: Your flesh is heat resistant. (rF+) [potion
                  | of mutation]
  8673 | D:10     | Gained mutation: You are partially covered in iridescent
                  | scales. (AC +2) [potion of mutation]
  8673 | D:10     | Gained mutation: You are dopey. (Int -2) [potion of
                  | mutation]
  8673 | D:10     | Lost mutation: You are partially covered in iridescent
                  | scales. (AC +2) [potion of mutation]
  8673 | D:10     | Gained mutation: You are strong-willed. (Will+) [potion of
                  | mutation]
  8674 | D:10     | Lost mutation: You are dopey. (Int -2) [potion of mutation]
  8674 | D:10     | Lost mutation: You are strong-willed. (Will+) [potion of
                  | mutation]
  8674 | D:10     | Gained mutation: Your spells are a little easier to cast,
                  | but a little less powerful. [potion of mutation]
  8674 | D:10     | Gained mutation: You expend magic power (3 MP) to
                  | strengthen your wands. [potion of mutation]
  8674 | D:10     | Gained mutation: You are somewhat resistant to further
                  | mutation. [potion of mutation]
  8680 | D:10     | Found an ancient bone altar of Kikubaaqudgha.
  8862 | D:10     | Received a gift from Okawaru
  9314 | D:10     | Found a stormy altar of Qazlal.
  9462 | D:10     | Found a staircase to the Lair.
  9561 | D:10     | Learned a level 4 spell: Cause Fear
  9565 | D:10     | Learned a level 3 spell: Teleport Other
  9714 | D:11     | Noticed Erolcha
  9724 | D:11     | Killed Erolcha
 10067 | D:11     | Noticed Nergalle
 10075 | D:10     | Noticed a spectral orc warlord
 10077 | D:10     | Killed Nergalle
 10077 | D:10     | Reached ***** piety under Okawaru
 10351 | D:11     | Received a gift from Okawaru
 10677 | D:11     | Noticed a two-headed ogre
 10681 | D:11     | Killed a two-headed ogre
 10701 | D:11     | Noticed Lodul
 10723 | D:11     | Received a gift from Okawaru
 10804 | D:11     | Reached XP level 12. HP: 64/91 MP: 4/22
 11143 | D:11     | Killed Lodul
 11392 | D:11     | Learned a level 4 spell: Fulminant Prism
 11397 | D:11     | Learned a level 4 spell: Iskenderun's Mystic Blast
 11402 | D:11     | Learned a level 3 spell: Volatile Blastmotes
 12192 | Lair:1   | Entered Level 1 of the Lair of Beasts
 12192 | Lair:1   | Noticed Gastronok
 12196 | Arena    | Entered the Arena
 12208 | Arena    | Killed from afar by Gastronok

Illustrated notes

Levels and vault maps discovered:
D:1:      spicycebolla_arrival_risky_transporter, layout_basic,
          minmay_misc_feat_iff
D:2:      layout_rooms
D:3:      layout_basic
D:4:      layout_loops_corners
D:5:      layout_basic, uniq_crazy_yiuf_cottage, uniq_pikel, uniq_menkaure
D:6:      layout_basic, uniq_grinder, uniq_blork_the_orc
D:7:      layout_basic, fiery_altar_vehumet, temple_pool_b
D:8:      layout_rooms, mainiacjoe_overflow_tiny_flanked
D:9:      layout_loops_ring, nicolae_tso_swordbearing_angel,
          gammafunk_ghost_wrathful_warriors, serial_bayou_pond_a,
          minmay_misc_feat_columns, wad_dig_loot, uniq_amaemon, uniq_grum
D:10:     layout_loops_ring, gammafunk_temple_overflow_forgotten,
          mainiacjoe_overflow_alcove_1, grunt_lair_entry_orc_guard_hut,
          minivault_7
D:11:     layout_irregular_city, uniq_lodul, uniq_erolcha, uniq_nergalle
D:12:     layout_rooms, orc_0_dummy
Temple:   hellmonk_temple_two_chambers
Lair:1:   layout_chaotic_city, uniq_gastronok
Arena

Skill      XL: |  1  2  3  4  5  6  7  8  9 10 11 12 |
---------------+-------------------------------------+-----
Evocations     | 11 12 | 12.6
Invocations    | 1 2 3 4 5 6 7 8 |  8.0
Fighting       | 1 2 3 5 6 7 |  7.3
Long Blades    | 1 2 3 5 6 7 |  7.3
Axes           | 1 2 3 5 6 7 |  7.3
Maces & Flails | 1 2 3 5 6 7 |  7.3
Polearms       | 1 2 3 5 6 7 |  7.3
Staves         | 1 2 3 5 6 7 |  7.3
Ranged Weapons | 1 2 3 5 6 7 |  7.3
Stealth        | 1 2 3 5 6 7 |  7.3
Shields        | 1 2 3 5 6 7 |  7.3
Unarmed Combat | 1 2 3 5 6 7 |  7.3
Spellcasting   | 1 2 3 5 6 7 |  7.3
Conjurations   | 1 2 3 4 5 6 |  6.1
Hexes          | 1 2 3 4 5 6 |  6.1
Summonings     | 1 2 3 4 5 6 |  6.1
Necromancy     | 1 2 3 4 5 6 |  6.1
Translocations | 1 2 3 4 5 6 |  6.1
Transmutations | 1 2 3 4 5 6 |  6.1
Fire Magic     | 1 2 3 4 5 6 |  6.1
Ice Magic      | 1 2 3 4 5 6 |  6.1
Air Magic      | 1 2 3 4 5 6 |  6.1
Earth Magic    | 1 2 3 4 5 6 |  6.1
Poison Magic   | 1 2 3 4 5 6 |  6.1
Throwing       | 3 4 5 6 7 |  7.8
Armour         | 3 4 5 6 7 |  7.8
Dodging        | 3 4 5 6 7 |  7.8
Short Blades   | 5 6 7 8 |  8.7

Action                     |  1- 3 |  4- 6 |  7- 9 | 10-12 || total
---------------------------+-------+-------+-------+-------++-------
  Melee: Short sword       |    54 |       |       |       ||    54
         Bite              |    10 |    12 |    15 |    49 ||    86
         Punch             |     2 |     1 |     2 |       ||     5
         Rapier            |    75 |   120 |   106 |       ||   301
         Quarterstaff      |       |       |    83 |   415 ||   498
  Throw: Dart              |       |       |       |     1 ||     1
   Cast: Ensorcelled Hiber |       |       |     2 |     3 ||     5
         Gell's Gravitas   |       |       |       |    21 ||    21
         Volatile Blastmot |       |       |       |     9 ||     9
         Fulminant Prism   |       |       |       |     2 ||     2
         Cause Fear        |       |       |       |     1 ||     1
 Invoke: Heroism           |       |       |       |     2 ||     2
         Duel              |       |       |       |     1 ||     1
  Evoke: Wand              |       |     9 |    29 |    29 ||    67
    Use: Potion            |     1 |     2 |     1 |     7 ||    11
         Scroll            |       |    14 |     9 |     7 ||    30
   Stab: Sleeping          |     1 |     3 |     3 |     3 ||    10
         Paralysed         |       |     1 |     3 |     8 ||    12
         Distracted        |       |       |     1 |       ||     1
         Invisible         |       |       |       |     9 ||     9
         Confused          |       |       |       |     1 ||     1
 Armour: Leather armour    |    27 |    36 |    48 |    77 ||   188
         Skin              |    13 |       |       |       ||    13
         Steam dragon scal |       |       |       |    38 ||    38
  Dodge: Dodged            |    73 |    67 |   113 |   467 ||   720
